AoeStats
← kingike14

Arena

510368425Analyzed
3v3 RM · 2d ago on Sep 30, 2026· 19m 59s· 6 players
Game mode
Random Map
Map size
Normal (6 player)
Population
200
Speed
Normal
Resources
Standard
Victory
Conquest
Starting age
Dark Age
Ending age
Imperial Age
RankedLock teamsTeams togetherTeam positionsShared explorationLock speedFull tech treeHidden civsTurbo modeCheats
Victory
Defeat
🇧🇷 Dravidians · Brazil
1172
+13
🇺🇸 Malians · United States
1133
+14
🇫🇷 Franks · France
1082
+16
🇨🇴 Persians · Colombia
1147
-16
🇺🇸 Vikings · United States
1095
-14
🇨🇴 Britons · Colombia
1050
-13
HartyHart
11:22 Feudal Age
11:32 Loom
15:26 Castle Age
13:49 Double-Bit Axe
13:52 Horse Collar
14:44 Gold Mining
DCB
10:40 Feudal Age
14:33 Castle Age
12:47 Double-Bit Axe
13:25 Loom
15:29 Loom
18:27 Horse Collar
briantorresr25
10:08 Feudal Age
16:41 Castle Age
16:58 Double-Bit Axe
kingike14
10:48 Feudal Age
14:52 Castle Age
13:11 Double-Bit Axe
13:36 Horse Collar
17:40 Loom
18:29 Bow Saw
19:53 Wheelbarrow
marekh
8:31 Loom
11:24 Feudal Age
13:33 Wheelbarrow
16:01 Castle Age
14:11 Double-Bit Axe
HAHA
2:31 Loom
12:04 Feudal Age
16:18 Castle Age
16:28 Fletching
18:23 Double-Bit Axe
19:09 Padded Archer Armor
Connection lost

Rejoining the realm…

Still unreachable

The connection could not be restored.

Session expired

The server has moved on; the page needs a fresh start.